 Dungeon Crawl Stone Soup version 0.29-a0-844-ge8845773e3 (webtiles) character file.

Game seed: 18182098782270847085

4659 BlueGoblin the Carver (level 10, -9/117 (118) HPs)
             Began as a Demonspawn Abyssal Knight on July 15, 2022.
             Was a High Priest of Lugonu.
             Mangled by a death yak (20 damage)
             ... on level 8 of the Dungeon.
             The game lasted 00:18:52 (9061 turns).

BlueGoblin the Carver (Demonspawn Abyssal Knight)   Turns: 9061, Time: 00:18:53

HP:   -9/117 (118)  AC: 18    Str: 14    XL:     10   Next: 20%
MP:   12/12         EV:  6    Int: 15    God:    Lugonu [*****.]
Gold: 354           SH:  0    Dex: 18    Spells: 9/9 levels left

rFire   . . .      SeeInvis .   f - +0 great sword
rCold   + . .      Faith    .   (shield currently unavailable)
rNeg    . . .      Spirit   .   a - +3 plate armour
rPois   .          Reflect  .   i - +0 helmet
rElec   .          Harm     .   (no cloak)
rCorr   .          Rampage  .   (no gloves)
Will    .....                   v - +0 pair of boots
Stlth   ..........              r - amulet of regeneration
HPRegen 1.09/turn               d - ring of protection from cold
MPRegen 0.13/turn               (no ring)

@: berserking, lightly drained, very quick
A: hooves 1, ignite blood 3, big brain 2, demonic magic 1
a: Renounce Religion, Depart the Abyss, Bend Space, Banish, Corrupt, Enter the
Abyss


You were on level 8 of the Dungeon.
You worshipped Lugonu.
Lugonu was extremely pleased with you.
You visited 1 branch of the dungeon, and saw 8 of its levels.
You visited the Abyss 1 time.

You collected 714 gold pieces.
You spent 360 gold pieces at shops.

Inventory:

Hand Weapons
 f - a +0 great sword (weapon)
Armour
 a - a +3 plate armour (worn)
 b - a +0 leather armour
 c - the +3 ring mail "Xutuekhyits" {rPois}
   (You found it on level 3 of the Dungeon)

   rPois:     It protects you from poison.
 i - a +0 helmet (worn)
 s - a +2 chain mail of cold resistance
 v - a +0 pair of boots (worn)
Jewellery
 d - a ring of protection from cold (left hand)
 m - the amulet "Ipiteck" {Acrobat Str+3 Int+8}
   (You found it on level 5 of the Dungeon)

   [amulet of the acrobat]

   It increases your evasion while moving and waiting.
   Str:       It affects your strength (+3).
   Int:       It affects your intelligence (+8).
 r - an amulet of regeneration (around neck)
 w - a ring of protection from cold
Wands
 n - a wand of flame (14)
 p - a wand of polymorph (21)
 q - a wand of mindburst (21)
Scrolls
 g - 2 scrolls of vulnerability
 l - 6 scrolls of identify
 o - 2 scrolls of amnesia
 t - 2 scrolls of enchant armour {unknown}
 u - a scroll of immolation {unknown}
 x - a scroll of teleportation
Potions
 e - 4 potions of curing
 h - 4 potions of brilliance
 k - a potion of ambrosia


   Skills:
 * Level 7.5 Fighting
 + Level 8.4 Long Blades
 * Level 7.2 Armour
 * Level 5.4 Dodging
 + Level 3.3 Invocations


You had 9 spell levels left.
You didn't know any spells.
Your spell library contained the following spells:

 Spells                   Type           Power      Damage    Failure   Level
 Apportation              Tloc           0%         N/A       100%        1
 Necrotise                Necr           0%         1d4       100%        1
 Summon Small Mammal      Summ           0%         N/A       100%        1
 Call Canine Familiar     Summ           0%         N/A       100%        3
 Summon Guardian Golem    Hex/Summ       0%         N/A       100%        3


Dungeon Overview and Level Annotations

Branches:
Dungeon (8/15)             Temple (0/1) D:5            Lair (0/6) D:8

Altars:
Cheibriados
Dithmenos
Kikubaaqudgha
Makhleb
Nemelex Xobeh
Sif Muna
Uskayaw
Vehumet
Wu Jian

Shops:
D:4 (((::   D:6 =


Innate Abilities, Weirdness & Mutations

You have large cloven feet.
Your demonic aura causes all spilled blood to erupt in flames.
You have an extremely huge brain. (Int +4)
Spells you cast may paralyse adjacent enemies.


Message History

You are too injured to fight recklessly!
You are too injured to fight recklessly!
You hit the death yak but do no damage.
The death yak is severely wounded.
The death yak gores you but does no damage.
The death yak gores you! The death yak attacks as you move away!
The death yak gores you but does no damage.
There is an open door here.
The orc priest shouts!
You slash the orc priest!
The orc priest is severely wounded.
The orc priest is engulfed in blazing flames.
You kill the orc priest!
Lugonu accepts your kill.
You hit the death yak.
The death yak is severely wounded.
The death yak gores you but does no damage.
You hit the death yak but do no damage.
The death yak is severely wounded.
The death yak gores you!
The death yak is engulfed in blazing flames.
The death yak closely misses you.
The death yak gores you but does no damage.
The death yak is engulfed in blazing flames.
The death yak gores you but does no damage.
The death yak is engulfed in blazing flames.
The death yak attacks as you move away! The death yak gores you!
* * * LOW HITPOINT WARNING * * *
The death yak attacks as you move away! The death yak gores you.
* * * LOW HITPOINT WARNING * * *
The death yak is engulfed in blazing flames.
The death yak attacks as you move away! The death yak gores you!
* * * LOW HITPOINT WARNING * * *
The death yak is engulfed in blazing flames.
A red film seems to cover your vision as you go berserk!
You feel yourself moving faster!
You feel mighty!
The death yak is engulfed in blazing flames.
The death yak gores you!!
You die...

#.........#...#...#
#.#.###...#...#...#
#.#.###..##.......##
#.#.#Y..##.........##
#.#.#.###...8...8...##
#.#...##.............##
####.#...'...8...⌠...8.._#
.........##.............##
############)☼.8@..8...##
# ###.°Y......##.# #
#.##.Y.....###. ###### #
##'##...#...#.#. #..... #
##...#...#...#.. #.####
### ##....#..###..#.. #.#
## #.## ##.....#..# #..#.#
#.# #. )..####......#.##
##.#.#####.###.
......'......#_#
#_#...........


You could see 2 death yaks.

Vanquished Creatures
  A death yak (D:7)
  The ghost of capka3m the Thaumaturge, a novice MeEE of Cheibriados (D:7)
  2 wyverns (D:7)
  5 ice beasts
  A black bear (D:7)
  4 ogres
  3 centaurs
  2 phantoms
  Blork the orc (D:4)
  3 bullfrogs (D:8)
  A kobold brigand (D:7)
  5 scorpions
  5 necrophages
  4 wights (D:8)
  A hound (D:6)
  4 orc priests
  A gnoll bouda (D:6)
  A hell rat (D:8)
  7 iguanas
  4 orc wizards
  7 gnolls
  9 adders
  An ufetubus (D:7)
  4 worms
  2 dart slugs
  52 orcs
  4 ball pythons
  5 bats
  5 endoplasms
  4 giant cockroaches
  8 goblins
  7 hobgoblins
  7 kobolds
  6 quokkas
  5 frilled lizards
  7 rats
189 creatures vanquished.

Vanquished Creatures (others)
  5 fungi (D:4)
5 creatures vanquished.

Grand Total: 194 creatures vanquished

Notes
Turn   | Place    | Note
-------+----------+-------------------------------------------
     0 | Abyss:1  | BlueGoblin the Demonspawn Abyssal Knight began the quest
                  | for the Orb.
     0 | Abyss:1  | Reached XP level 1. HP: 18/18 MP: 2/2
     1 | D:1      | Escaped the Abyss
   172 | D:1      | Reached skill level 1 in Dodging
   267 | D:1      | Gained mutation: Your demonic aura sometimes causes spilled
                  | blood to erupt in flames. [demonic ancestry]
   267 | D:1      | Reached XP level 2. HP: 24/24 MP: 3/3
   803 | D:1      | Reached skill level 2 in Long Blades
  1056 | D:2      | HP: 1/24 [rat (2)]
  1061 | D:2      | Reached XP level 3. HP: 23/29 MP: 1/4
  1520 | D:2      | Reached *** piety under Lugonu
  1815 | D:2      | Reached XP level 4. HP: 17/37 MP: 6/6
  2332 | D:3      | Identified the +3 ring mail "Xutuekhyits" {rPois}
  3215 | D:3      | Reached skill level 3 in Long Blades
  3541 | D:4      | Gained mutation: You have an unusually large brain. (Int
                  | +2) [demonic ancestry]
  3541 | D:4      | Reached XP level 5. HP: 30/42 MP: 7/7
  3623 | D:4      | Found Bylamihi's Antique Weapon Shoppe.
  3630 | D:4      | Found Yhegh's Book Shop.
  3803 | D:4      | Found a shadowy altar of Dithmenos.
  3806 | D:4      | Noticed an ogre
  3810 | D:4      | Noticed an ogre
  3827 | D:4      | Gained mutation: Your demonic aura often causes spilled
                  | blood to erupt in flames. [demonic ancestry]
  3827 | D:4      | Reached XP level 6. HP: 28/48 MP: 8/8
  3955 | D:4      | Reached skill level 4 in Long Blades
  4155 | D:4      | Found a burning altar of Makhleb.
  4188 | D:4      | Reached **** piety under Lugonu
  4242 | D:4      | Found Lan Xig's Antique Weapon Shoppe.
  4281 | D:4      | Gained mutation: You have large cloven feet. [demonic
                  | ancestry]
  4281 | D:4      | Reached XP level 7. HP: 46/55 MP: 9/9
  4392 | D:4      | Found Xat Coes's Weapon Emporium.
  4396 | D:4      | Noticed Blork the orc
  4399 | D:4      | Killed Blork the orc
  4475 | D:4      | Found Qaiseir's Book Boutique.
  4765 | D:5      | Entered Level 5 of the Dungeon
  4900 | D:5      | Identified the amulet "Ipiteck" {Acrobat Str+3 Int+8}
  4958 | D:5      | Reached skill level 5 in Long Blades
  5006 | D:5      | Found a staircase to the Ecumenical Temple.
  5269 | D:5      | Gained mutation: Spells you cast may paralyse adjacent
                  | enemies. [demonic ancestry]
  5269 | D:5      | Reached XP level 8. HP: 56/61 MP: 10/10
  5285 | D:5      | Reached skill level 5 in Fighting
  6010 | D:6      | Found a shimmering blue altar of Sif Muna.
  6251 | D:6      | Reached skill level 6 in Long Blades
  6251 | D:6      | Reached skill level 5 in Armour
  6346 | D:6      | HP: 3/63 [gnoll/+0 flail[a gnoll bouda] (9)]
  6991 | D:6      | Found Jaixug's Jewellery Boutique.
  6996 | D:6      | Bought an amulet of regeneration for 360 gold pieces
  7160 | D:6      | Found a hide-covered altar of Uskayaw.
  7244 | D:7      | Gained mutation: Your demonic aura causes all spilled blood
                  | to erupt in flames. [demonic ancestry]
  7244 | D:7      | Reached XP level 9. HP: 68/69 MP: 11/11
  7329 | D:7      | Reached skill level 7 in Long Blades
  7444 | D:7      | Found a runed translucent door.
  7446 | D:7      | Noticed capka3m's ghost (novice MeEE)
  7639 | D:7      | Found the +6 lightning scales {swift, rElec}
  7685 | D:7      | Reached ***** piety under Lugonu
  7832 | D:7      | Killed capka3m's ghost
  7833 | D:7      | Reached skill level 5 in Dodging
  7937 | D:8      | Noticed a death yak
  7939 | D:8      | Found a staircase to the Lair.
  7939 | D:8      | Noticed a death yak
  7945 | D:8      | Noticed a death yak
  7956 | D:7      | Killed a death yak
  7957 | D:7      | Reached skill level 8 in Long Blades
  7957 | D:7      | Gained mutation: You have an extremely huge brain. (Int +4)
                  | [demonic ancestry]
  7957 | D:7      | Reached XP level 10. HP: 21/79 MP: 12/12
  8463 | D:8      | Found an ornate altar of the Wu Jian Council.
  8472 | D:8      | Found an ancient bone altar of Kikubaaqudgha.
  8472 | D:8      | Found a radiant altar of Vehumet.
  8483 | D:8      | Found a sparkling altar of Nemelex Xobeh.
  8486 | D:8      | Found a snail-covered altar of Cheibriados.
  9061 | D:8      | Mangled by a death yak

Illustrated notes

Levels and vault maps discovered:
D:1:      reono_arrival_mine, layout_rooms
D:2:      layout_rooms
D:3:      layout_loops_ring
D:4:      layout_rooms, mainiacjoe_overflow_boulevard, grunt_dithmenos_smoke,
          mainiacjoe_overflow_chevrons, serial_shops, nicolae_shop_crystal,
          shop, nicolae_square_shop, nicolae_inconvenience_store, shop,
          uniq_blork_the_orc
D:5:      layout_gridville, minmay_temple_entry_mini_moons
D:6:      layout_loops_ring, nicolae_uskayaw_suspiria, amcnicky_altar_gilded,
          serial_shops, shop
D:7:      layout_basic, ebering_ghost_reflecting_pool
D:8:      layout_loops_corners, minmay_overflow_temple_star_hex,
          dpeg_lair_monsters, special_room [special_room_orc], uniq_gastronok

Skill      XL: |  1  2  3  4  5  6  7  8  9 10 |
---------------+-------------------------------+-----
Dodging        | 1 2 3 4 5 |  5.4
Armour         | 2 3 4 5 6 7 |  7.2
Long Blades    | 2 3 4 5 6 8 |  8.4
Fighting       | 4 6 7 |  7.5
Invocations    | 3 |  3.3

Action                   |  1- 3 |  4- 6 |  7- 9 | 10-12 || total
-------------------------+-------+-------+-------+-------++-------
Melee: Falchion          |    70 |       |       |       ||    70
       Great sword       |    47 |   131 |   215 |    91 ||   484
       Punch             |     1 |       |       |       ||     1
       Kick              |       |       |    64 |       ||    64
Invok: Bend Space        |     5 |     5 |       |       ||    10
  Use: Scroll            |     2 |     9 |     1 |       ||    12
       Potion            |     2 |       |     1 |     2 ||     5
 Stab: Sleeping          |     3 |       |       |       ||     3
Armor: Leather armour    |    60 |     3 |       |       ||    63
       Ring mail         |       |    73 |    44 |       ||   117
       Plate armour      |       |       |   119 |    98 ||   217
Dodge: Dodged            |   121 |   115 |   120 |    41 ||   397

Table legend: (Time is in decaauts)
 A = Elapsed time spent in this place.
 B = Non-inter-level travel time spent in this place.
 C = Inter-level travel time spent in this place.
 D = Time resting spent in this place.
 E = Time spent auto-exploring this place.
 F = Levels seen in this place.
 G = Mean time per level.
                   A        B        C        D        E       F      G
               +--------+--------+--------+--------+--------+-----+--------+
         Total |   9307 |   8971 |    336 |    693 |   6580 |   9 | 1034.1 |
       Dungeon |   9306 |   8970 |    336 |    693 |   6580 |   8 | 1163.2 |
         Abyss |      1 |      1 |      0 |      0 |      0 |   1 |    1.0 |
               +--------+--------+--------+--------+--------+-----+--------+

Top non-repeatable levels by time:
     D:2: 1540 daAuts
     D:6: 1298 daAuts
     D:5: 1231 daAuts
     D:4: 1156 daAuts
     D:3: 1153 daAuts
     D:7: 1072 daAuts
     D:1: 1031 daAuts
     D:8: 822 daAuts
 Abyss:1: 1 daAuts
